AoeStats
← El Murga!

Arabia

506896069Analyzed
3v3 RM · 17d ago on Sep 15, 2026· 68m 51s· 6 players
Game mode
Random Map
Map size
Normal (6 player)
Population
200
Speed
Normal
Resources
Standard
Victory
Conquest
Starting age
Dark Age
Ending age
Imperial Age
RankedLock teamsTeams togetherTeam positionsShared explorationLock speedFull tech treeHidden civsTurbo modeCheats
Victory
Defeat
🇦🇷 Magyars · Argentina
1195
+9
🇦🇷 Mongols · Argentina
977
+16
🇦🇷 Ethiopians · Argentina
975
+17
🇱🇹 Goths · Lithuania
1038
-15
🇱🇹 Ethiopians · Lithuania
1018
-15
🇱🇹 Cumans · Lithuania
957
-12
El Murga!
6:13 Loom
9:48 Feudal Age
12:55 Wheelbarrow
17:05 Double-Bit Axe
22:32 Bloodlines
24:26 Scale Barding Armor
26:51 Castle Age
26:47 Horse Collar
28:38 Chain Barding Armor
28:36 Bow Saw
29:12 Husbandry
31:13 Heavy Plow
41:11 Hand Cart
45:09 Imperial Age
45:17 Cavalier
46:34 Plate Barding Armor
47:04 Paladin
48:24 Conscription
59:29 Corvinian Army
59:23 Fletching
65:27 Two-Man Saw
66:27 Town Watch
67:15 Crop Rotation
66:10 Light Cavalry
67:11 Fervor
Deiv
6:43 Loom
10:16 Feudal Age
21:38 Padded Archer Armor
21:28 Fletching
23:30 Wheelbarrow
32:20 Castle Age
30:37 Gold Mining
30:37 Stone Mining
32:29 Elite Skirmisher
32:32 Crossbowman
33:17 Thumb Ring
32:35 Elite Skirmisher
36:12 Town Watch
37:41 Ballistics
38:57 Bodkin Arrow
39:17 Leather Archer Armor
49:39 Hand Cart
49:11 Double-Bit Axe
57:32 Imperial Age
56:29 Bow Saw
56:03 Horse Collar
57:33 Arbalester
59:31 Chemistry
58:45 Bracer
59:15 Ring Archer Armor
59:23 Ring Archer Armor
59:30 Conscription
Sensei
8:22 Loom
10:53 Feudal Age
11:24 Double-Bit Axe
26:00 Horse Collar
29:01 Castle Age
27:13 Padded Archer Armor
29:16 Wheelbarrow
28:44 Stone Mining
30:23 Gold Mining
30:47 Bow Saw
32:05 Hand Cart
33:21 Scale Barding Armor
35:39 Leather Archer Armor
36:32 Fletching
43:09 Imperial Age
43:04 Hand Cart
44:15 Gold Shaft Mining
44:40 Bodkin Arrow
46:16 Ballistics
46:26 Bracer
46:43 Town Watch
46:47 Town Watch
51:12 Town Patrol
52:15 Chemistry
51:13 Murder Holes
51:03 Elite Mangudai
52:08 Forging
52:18 Chain Barding Armor
52:44 Hoardings
59:42 Masonry
60:10 Iron Casting
59:59 Conscription
64:54 Blast Furnace
63:54 Scale Mail Armor
66:46 Capped Ram
Sieteliz
0:27 Loom
10:19 Feudal Age
10:47 Man-at-Arms
18:27 Forging
18:17 Scale Mail Armor
23:42 Castle Age
36:11 Gold Mining
36:12 Stone Mining
36:14 Double-Bit Axe
39:35 Bow Saw
39:13 Horse Collar
41:56 Anarchy
44:04 Iron Casting
43:31 Scale Mail Armor
50:22 Iron Casting
50:02 Chain Mail Armor
49:13 Pikeman
53:34 Imperial Age
51:45 Squires
56:21 Elite Huskarl
60:24 Halberdier
Nondoss
9:02 Loom
11:01 Feudal Age
13:12 Fletching
20:52 Double-Bit Axe
20:47 Horse Collar
25:10 Castle Age
25:54 Crossbowman
26:41 Bodkin Arrow
28:52 Padded Archer Armor
31:18 Thumb Ring
39:30 Bow Saw
40:34 Gold Mining
41:48 Ballistics
48:12 Imperial Age
46:50 Elite Skirmisher
48:16 Arbalester
48:22 Arbalester
51:51 Heavy Plow
53:09 Bracer
lugniusxz
6:24 Loom
9:17 Feudal Age
18:36 Padded Archer Armor
19:46 Double-Bit Axe
21:18 Horse Collar
27:16 Castle Age
26:07 Fletching
30:20 Elite Skirmisher
35:28 Bodkin Arrow
35:48 Leather Archer Armor
35:36 Pikeman
36:29 Forging
36:25 Scale Barding Armor
38:50 Ballistics
38:39 Heavy Plow
41:27 Imperial Age
39:40 Wheelbarrow
40:03 Bow Saw
43:33 Ring Archer Armor
43:27 Thumb Ring
48:17 Hand Cart
55:36 Conscription
56:01 Halberdier
Connection lost

Rejoining the realm…

Still unreachable

The connection could not be restored.

Session expired

The server has moved on; the page needs a fresh start.